 Dungeon Crawl Stone Soup version 0.31-a0-925-g0a390f2509 (webtiles) character file.

Game seed: 12641123646735740957

112 jlumianski the Ruffian (level 4, -1/39 (51) HPs)
             Began as a Gnoll Shapeshifter on Oct 19, 2023.
             Was an Initiate of Qazlal.
             Slain by Grinder (3 damage)
             ... on level 5 of the Dungeon.
             The game lasted 00:10:55 (2273 turns).

jlumianski the Ruffian (Gnoll Shapeshifter)         Turns: 2273, Time: 00:10:55

HP:   -1/39 (51)    AC:  8    Str: 16    XL:     4   Next: 95%
MP:   0/5           EV:  8    Int:  9    God:    Qazlal [......]
Gold: 147           SH:  0    Dex: 11    Spells: 5/5 levels left

rFire   . .          .
                       - Unarmed
rCold   . . .        (no shield)
rNeg    . . .        k - +0 chain mail
rPois   .            (helmet currently unavailable)
rElec   .            (cloak currently unavailable)
rCorr   +            (gloves currently unavailable)
SInv    .            (boots currently unavailable)
Will    .....        o - amulet of guardian spirit Stlth
                     i - ring of resist corrosion
HPRegen 0.26/turn    (no ring)
MPRegen 0.09/turn

%: guardian spirit
@: berserking, beast-form, heavily drained, very quick
A: beast (slay +3), fangs 1, strong nose, distributed training
a: Begin Untransformation, Renounce Religion


You were on level 5 of the Dungeon.
You worshipped Qazlal.
Qazlal was noncommittal.
You were a hulking beast.
You visited 1 branch of the dungeon, and saw 5 of its levels.

You collected 147 gold pieces.

Inventory:

Hand Weapons
 p - a +2 dagger of draining
Armour
 a - a +0 animal skin
 f - a +0 scale mail
 k - a +0 chain mail (worn)
Jewellery
 i - a ring of resist corrosion (left hand)
 o - an amulet of guardian spirit (around neck)
Talismans
 c - a beast talisman (active)
 d - a flux talisman
Wands
 r - a wand of roots (1)
Scrolls
 m - a scroll of fog
 t - a scroll of fear
Potions
 b - a potion of lignification
 h - 2 potions of heal wounds {unknown}
 l - 2 potions of attraction {unknown}
 n - a potion of cancellation
 q - a potion of resistance {unknown}


   Skills:
 + Level 2.8 Fighting
 + Level 1.3 Short Blades
 + Level 1.3 Long Blades
 + Level 1.3 Axes
 + Level 1.3 Maces & Flails
 + Level 1.3 Polearms
 + Level 1.3 Staves
 + Level 1.3 Ranged Weapons
 + Level 1.3 Throwing
 + Level 1.3 Armour
 + Level 4.7 Dodging
 + Level 1.3 Stealth
 + Level 1.3 Shields
 + Level 6.6 Unarmed Combat
 + Level 1.3 Spellcasting
 + Level 1.0 Conjurations
 + Level 1.0 Hexes
 + Level 1.0 Summonings
 + Level 1.0 Necromancy
 + Level 1.0 Translocations
 + Level 1.0 Transmutations
 + Level 1.0 Fire Magic
 + Level 1.0 Ice Magic
 + Level 1.0 Air Magic
 + Level 1.0 Earth Magic
 + Level 1.0 Poison Magic
 + Level 1.4 Invocations
 + Level 1.3 Evocations
 + Level 6.6 Shapeshifting


You had 5 spell levels left.
You didn't know any spells.
Your spell library contained the following spells:

 Spells                   Type           Power      Damage    Failure   Level
 Blink                    Tloc           4%         N/A       99%         2
 Dazzling Flash           Conj/Hex       4%         N/A       100%        3
 Volatile Blastmotes      Fire/Tloc      4%         2d10      100%        3
 Manifold Assault         Tloc           2%         N/A       100%        4
 Starburst                Conj/Fire      1%         6d3       100%        6
 Maxwell's Capacitive Co  Air            1%         ∞         100%        8


Dungeon Overview and Level Annotations

Branches:
Dungeon (5/15)
 Temple: D:4-7

Altars:
Qazlal

Annotations:
D:5 Grinder


Innate Abilities, Weirdness & Mutations

You are a hulking beast.
Your limbs bulge with bestial killing power. (Slay +3)
You have very sharp teeth.
Your uncanny sense of smell can sniff out nearby items.
Your experience applies equally to all skills.


Message History

You assume a fearsome visage.
Nothing appears to happen.
It was a scroll of fear.
As you read the scroll labelled SEG XIMITO, it crumbles to dust.
It is a scroll of enchant weapon.
Your +1 dagger of draining glows red for a moment.
As you read the scroll labelled OFRE KEJIEVO, it crumbles to dust.
You feel strangely unstable.
It was a scroll of teleportation.
Your surroundings suddenly seem different.
Found an escape hatch in the floor and an escape hatch in the ceiling.
An orc comes into view. It is wielding a +0 mace.
The orc shouts!
The orc hits you but does no damage.
Grinder comes into view.
You hit the orc.
The orc is moderately wounded.
You punch the orc!
You kill the orc!
Qazlal accepts your kill. Grinder hits you!
You writhe in agony.
Things that are here:
a +0 mace; an orc corpse You barely miss Grinder.
Your bite misses Grinder. Grinder hits you.
You writhe in agony.
You hit Grinder. Your punch misses Grinder.
Grinder is lightly wounded.
Grinder hits you.
You writhe in agony.
* * * LOW HITPOINT WARNING * * *
You punch Grinder!
Grinder is heavily wounded.
Grinder barely misses you.
You punch Grinder!
Grinder is heavily wounded.
Grinder hits you.
* * * LOW HITPOINT WARNING * * *
You writhe in agony.
* * * LOW HITPOINT WARNING * * *
A red film seems to cover your vision as you go berserk!
You feel yourself moving faster!
You feel mighty! Grinder hits you.
You die...
Grinder says, "Now the real fun starts!"

#.......# #....>..# ∆
#.......#
########+###.......####+
#.......................
#.......................
#.......................
#.......................
#......5h...............
#......####+#...........
#§.....' ####+#######
#§.....# §§###### ..>+
....# .....# ......#


You could see Grinder.

Vanquished Creatures
  An orc wizard (D:2)
  An adder (D:2)
  A white imp (D:3)
  A dart slug (D:1)
  5 orcs
  10 ball pythons
  6 bats
  8 endoplasms
  A giant cockroach (D:2)
  9 hobgoblins
  3 jackals (D:1)
  2 frilled lizards (D:1)
  2 goblins (D:2)
  4 kobolds
  7 rats
61 creatures vanquished.

Notes
Turn   | Place    | Note
-------+----------+-------------------------------------------
     0 | D:1      | jlumianski the Gnoll Shapeshifter began the quest for the
                  | Orb.
     0 | D:1      | Reached XP level 1. HP: 17/17 MP: 1/1
    67 | D:1      | Reached XP level 2. HP: 23/23 MP: 2/2
   503 | D:1      | Reached XP level 3. HP: 28/28 MP: 3/3
  1082 | D:2      | Reached skill level 1 in Invocations
  1101 | D:2      | Found a faded altar of an unknown god.
  1129 | D:2      | Reached skill level 1 in Short Blades
  1129 | D:2      | Reached skill level 1 in Long Blades
  1129 | D:2      | Reached skill level 1 in Axes
  1129 | D:2      | Reached skill level 1 in Maces & Flails
  1129 | D:2      | Reached skill level 1 in Polearms
  1129 | D:2      | Reached skill level 1 in Staves
  1129 | D:2      | Reached skill level 1 in Ranged Weapons
  1129 | D:2      | Reached skill level 1 in Throwing
  1129 | D:2      | Reached skill level 1 in Armour
  1129 | D:2      | Reached skill level 1 in Stealth
  1129 | D:2      | Reached skill level 1 in Shields
  1129 | D:2      | Reached skill level 1 in Spellcasting
  1129 | D:2      | Reached skill level 1 in Evocations
  1315 | D:3      | Reached XP level 4. HP: 34/34 MP: 5/5
  1372 | D:3      | Noticed an earth elemental
  1373 | D:3      | Found a stormy altar of Qazlal.
  1444 | D:2      | Reached skill level 1 in Conjurations
  1444 | D:2      | Reached skill level 1 in Hexes
  1444 | D:2      | Reached skill level 1 in Summonings
  1444 | D:2      | Reached skill level 1 in Necromancy
  1444 | D:2      | Reached skill level 1 in Translocations
  1444 | D:2      | Reached skill level 1 in Transmutations
  1444 | D:2      | Reached skill level 1 in Fire Magic
  1444 | D:2      | Reached skill level 1 in Ice Magic
  1444 | D:2      | Reached skill level 1 in Air Magic
  1444 | D:2      | Reached skill level 1 in Earth Magic
  1444 | D:2      | Reached skill level 1 in Poison Magic
  1768 | D:3      | Noticed an air elemental
  1772 | D:3      | Noticed a water elemental
  1772 | D:3      | Noticed a fire elemental
  1858 | D:3      | Became a worshipper of Qazlal Stormbringer
  2247 | D:5      | Entered Level 5 of the Dungeon
  2265 | D:5      | Noticed Grinder
  2272 | D:5      | HP: 1/26 [Grinder (2)]
  2273 | D:5      | Slain by Grinder

Illustrated notes

Levels and vault maps discovered:
D:1:      ldierk_walled_garden_2, layout_basic, grunt_decor_mini_mirrors
D:2:      layout_basic, nicolae_ecumenical_snake_handling
D:3:      layout_basic, nicolae_qazlal_style_of_elements
D:4:      layout_basic
D:5:      layout_gridville, lemuel_crystal_altar, nicolae_sif_muna_condensation,
          enter_ossuary_3, serial_shops, shop, gammafunk_ghost_cemetery,
          uniq_eustachio, uniq_grinder

Skill      XL: |  1  2  3  4 |
---------------+-------------+-----
Invocations    | 1 |  1.4
Short Blades   | 1 |  1.3
Long Blades    | 1 |  1.3
Axes           | 1 |  1.3
Maces & Flails | 1 |  1.3
Polearms       | 1 |  1.3
Staves         | 1 |  1.3
Ranged Weapons | 1 |  1.3
Throwing       | 1 |  1.3
Armour         | 1 |  1.3
Stealth        | 1 |  1.3
Shields        | 1 |  1.3
Spellcasting   | 1 |  1.3
Evocations     | 1 |  1.3
Conjurations   | 1 |  1.0
Hexes          | 1 |  1.0
Summonings     | 1 |  1.0
Necromancy     | 1 |  1.0
Translocations | 1 |  1.0
Transmutations | 1 |  1.0
Fire Magic     | 1 |  1.0
Ice Magic      | 1 |  1.0
Air Magic      | 1 |  1.0
Earth Magic    | 1 |  1.0
Poison Magic   | 1 |  1.0
Fighting       | |  2.8
Dodging        | |  4.7
Unarmed Combat | |  6.6
Shapeshifting  | |  6.6

Action                     |  1- 3 |  4- 6 || total
---------------------------+-------+-------++-------
  Melee: Unarmed           |    81 |    47 ||   128
         Bite              |     6 |     3 ||     9
         Punch             |     1 |       ||     1
    Use: Scroll            |       |     6 ||     6
         Potion            |       |     1 ||     1
 Armour: Animal skin       |    12 |       ||    12
         Chain mail        |    15 |    57 ||    72
         Scale mail        |     4 |       ||     4
  Dodge: Dodged            |    48 |    10 ||    58

Table legend: (Time is in decaauts)
 A = Elapsed time spent in this place.
 B = Non-inter-level travel time spent in this place.
 C = Inter-level travel time spent in this place.
 D = Time resting spent in this place.
 E = Time spent auto-exploring this place.
 F = Levels seen in this place.
 G = Mean time per level.
                   A        B        C        D        E       F      G
               +--------+--------+--------+--------+--------+-----+--------+
         Total |   2267 |   2201 |     66 |    119 |   1220 |   5 |  453.4 |
       Dungeon |   2267 |   2201 |     66 |    119 |   1220 |   5 |  453.4 |
               +--------+--------+--------+--------+--------+-----+--------+

Top non-repeatable levels by time:
     D:1: 1003 daAuts
     D:3: 600 daAuts
     D:2: 577 daAuts
     D:4: 62 daAuts
     D:5: 25 daAuts
